 Dungeon Crawl Stone Soup version 0.29-a0-872-g797fff5ad1 (webtiles) character file.

Game seed: 3107945161161251699

32 27snakeeyes612 the Conjurer (level 3, -1/26 HPs)
             Began as a Draconian Conjurer on July 18, 2022.
             Slain by a quokka (3 damage)
             ... on level 2 of the Dungeon.
             The game lasted 00:01:11 (1172 turns).

27snakeeyes612 the Conjurer (Draconian Conjurer)    Turns: 1172, Time: 00:01:12

Health: -1/26      AC:  6    Str:  7 (9)  XL:     3   Next: 8%
Magic:  1/6        EV: 12    Int: 19 (20) God:
Gold:   51         SH:  0    Dex:  8 (9)  Spells: 5/6 levels left

rFire   . . .      SeeInvis .   c - +0 club
rCold   . . .      Faith    .   (no shield)
rNeg    . . .      Spirit   .   (body armour unavailable)
rPois   .          Reflect  .   (helmet restricted)
rElec   .          Harm     .   (no cloak)
rCorr   .          Rampage  .   (no gloves)
Will    .....                   g - +0 pair of boots
Stlth   ++........              (no amulet)
HPRegen 0.08/turn               (no ring)
MPRegen 0.10/turn               (no ring)

@: no status effects
A: AC +5, unfitting armour, cold-blooded
a: no special abilities


You were on level 2 of the Dungeon.
You visited 1 branch of the dungeon, and saw 2 of its levels.

You collected 51 gold pieces.

Inventory:

Hand Weapons
 c - a +0 club (weapon)
Armour
 g - a +0 pair of boots (worn)
Scrolls
 b - a scroll of immolation {unknown}
 e - 2 scrolls of identify {unknown}
 f - a scroll of fear {unknown}
Potions
 a - a potion of magic


   Skills:
 + Level 2.2 Dodging
 + Level 2.3 Stealth
 + Level 2.3 Spellcasting
 + Level 4.2 Conjurations


You had 5 spell levels left.
You knew the following spells:

 Your Spells              Type           Power      Damage    Failure   Level
a - Magic Dart            Conj           72%        1d6       2%          1

Your spell library contained the following spells:

 Spells                   Type           Power      Damage    Failure   Level
 Searing Ray              Conj           36%        2d5       4%          2
 Dazzling Flash           Conj/Hex       20%        N/A       21%         3
 Scorch                   Fire           4%         2d5       24%         2
 Flame Wave               Conj/Fire      10%        2d5       56%         4
 Fulminant Prism          Conj/Hex       5%         3d7       56%         4
 Iskenderun's Mystic Bla  Conj/Tloc      10%        2d4       56%         4
 Starburst                Conj/Fire      5%         6d4       100%        6
 Summon Cactus Giant      Summ           1%         N/A       100%        6


Dungeon Overview and Level Annotations

Branches:
Dungeon (2/15)

Altars:

Annotations:
D:2 1 runed translucent door, Crazy Yiuf


Innate Abilities, Weirdness & Mutations

Your plain brown scales are hard. (AC +5)
You cannot fit into any form of body armour.
You are cold-blooded and may be slowed by cold attacks.


Message History

Press: ? - help, Q - select action Shift-Dir - straight line, f - adder
Aim: an adder (100% to hit)
The magic dart hits the adder.
The adder is moderately wounded.
The quokka bites you.
* * * LOW HITPOINT WARNING * * *
The adder closely misses you.
The hobgoblin hits you but does no damage.
The quokka bites you.
* * * LOW HITPOINT WARNING * * *
The adder barely misses you.
Aiming: Magic Dart (safe; 3% risk of failure)
Press: ? - help, Q - select action Shift-Dir - straight line, f/p - adder
Aim: an adder (moderately wounded, 100% to hit)
The magic dart hits the adder.
The adder is severely wounded.
The adder misses you. The hobgoblin closely misses you.
The quokka closely misses you.
Aiming: Magic Dart (safe; 3% risk of failure)
Press: ? - help, Q - select action Shift-Dir - straight line, f/p - adder
Aim: an adder (severely wounded, 100% to hit)
The magic dart hits the adder.
You kill the adder!
The quokka bites you but does no damage.
The hobgoblin hits you but does no damage.
You have reached level 3!
Your experience leads to an increase in your attributes!
Your base attributes are Str 9, Int 18, Dex 9.
Increase (S)trength, (I)ntelligence, or (D)exterity?
You feel clever. x2; Your scales feel tougher.
The quokka attacks as you move away!
The quokka bites you but does no damage.
Found 2 stones and a ring mail.
The hobgoblin misses you. The quokka attacks as you move away!
The quokka misses you. The hobgoblin attacks as you move away!
The hobgoblin closely misses you.
Found a scroll labelled JOZUCE NONT.
The quokka attacks as you move away!
The quokka bites you but does no damage.
The quokka bites you.
You die...

..# . ..#### #.
..#.. #. ##....
###[####.. .#
.?.......##.#
#....(..g...# #
#......@r...#..#
#....####.)....#
.... #†#.....#
#.... #.# ....#
#... #.# ....
#.... ###.# ...
#.... #...# ..
#....##...# .
#.........#


You could see a quokka and a hobgoblin.

Vanquished Creatures
  An adder (D:2)
  A ball python (D:2)
  3 endoplasms (D:1)
  2 giant cockroaches (D:2)
  2 goblins
  3 hobgoblins
  3 bats (D:1)
  3 kobolds
  5 rats
23 creatures vanquished.

Notes
Turn   | Place    | Note
-------+----------+-------------------------------------------
     0 | D:1      | 27snakeeyes612 the Draconian Conjurer began the quest for
                  | the Orb.
     0 | D:1      | Reached XP level 1. HP: 14/14 MP: 3/3
   522 | D:1      | Reached XP level 2. HP: 20/20 MP: 0/5
  1083 | D:2      | Found a runed translucent door.
  1084 | D:2      | Noticed Crazy Yiuf
  1164 | D:2      | HP: 1/20 [adder (4)]
  1170 | D:2      | Reached XP level 3. HP: 2/26 MP: 1/6
  1172 | D:2      | Slain by a quokka

Illustrated notes

Levels and vault maps discovered:
D:1:      dpeg_arrival_more_subterranean_lakeside_camping, layout_basic,
          nicolae_titane
D:2:      layout_rooms, uniq_crazy_yiuf_cottage

Skill      XL: |  1 |
---------------+----+-----
Dodging        | 2 |  2.2
Stealth        | 2 |  2.3
Spellcasting   | |  2.3
Conjurations   | |  4.2

Action                   || total
-------------------------++-------
Melee: Club              ||    28
       Tailslap          ||     2
 Cast: Magic Dart        ||    40
  Use: Potion            ||     2
Armor: Skin              ||    27
Dodge: Dodged            ||    39

Table legend: (Time is in decaauts)
 A = Elapsed time spent in this place.
 B = Non-inter-level travel time spent in this place.
 C = Inter-level travel time spent in this place.
 D = Time resting spent in this place.
 E = Time spent auto-exploring this place.
 F = Levels seen in this place.
 G = Mean time per level.
                   A        B        C        D        E       F      G
               +--------+--------+--------+--------+--------+-----+--------+
         Total |   1184 |   1166 |     18 |     74 |    941 |   2 |  592.0 |
       Dungeon |   1184 |   1166 |     18 |     74 |    941 |   2 |  592.0 |
               +--------+--------+--------+--------+--------+-----+--------+

Top non-repeatable levels by time:
     D:1: 960 daAuts
     D:2: 224 daAuts
